 Dungeon Crawl Stone Soup version 0.20-a0-1043-gbd57889 (webtiles) character file.

29 shinino the Chopper (level 3, -1/29 HPs)
             Began as a Mummy Chaos Knight on Apr 24, 2017.
             Splashed by a jelly's acid (9 damage)
             ... on level 1 of the Dungeon.
             The game lasted 00:04:08 (3030 turns).

shinino the Chopper (Mummy Chaos Knight)            Turns: 3030, Time: 00:04:09

Health: -1/29      AC:  5    Str: 15    XL:     3   Next: 1%
Magic:  3/3        EV: 11    Int: 11    God:    Xom [*.....]
Gold:   57         SH:  0    Dex: 12    Spells: 2/2 levels left

rFire    x . .     SeeInvis .   a - +0 hand axe (chaos)
rCold    + . .     Gourm    .   (no shield)
rNeg     + + +     Faith    .   b - +2 leather armour
rPois    ∞         Spirit   .   (no helmet)
rElec    .         Reflect  .   (no cloak)
rCorr    .         Harm     .   (no gloves)
MR       .....                  (no boots)
Stlth    +.........             (no amulet)
Regen    0.1/turn               (no ring)
MPRegen  0.1/turn               (no ring)

@: glowing
A: no food or potions, fire vulnerability, cold resistance 1, negative energy
resistance 3, torment resistance, unbreathing
a: Renounce Religion


You were on level 1 of the Dungeon.
You worshipped Xom.
You were a special plaything of Xom.
You were not hungry.

You visited 1 branch of the dungeon, and saw 2 of its levels.

You collected 57 gold pieces.

Inventory:

Hand Weapons
 a - a +0 hand axe of chaos (weapon)
Armour
 b - a +2 leather armour (worn)
Scrolls
 c - 2 scrolls of enchant armour {unknown}
 d - 2 scrolls of identify {unknown}


   Skills:
 - Level 3.0 Fighting
 + Level 3.4 Axes
 - Level 1.5 Armour
 - Level 0.7 Dodging


You had 2 spell levels left.
You didn't know any spells.

Dungeon Overview and Level Annotations

Branches:
Dungeon (2/15)

Altars:


Innate Abilities, Weirdness & Mutations

You do not eat or drink.
Your flesh is vulnerable to fire.
You are immune to poison.
Your flesh is cold resistant. (rC+)
You are immune to negative energy. (rN+++)
You are immune to unholy pain and torment.
You can survive without breathing.


Message History

Xom makes a sudden noise!
You hear a screech!
You see here a stone.
There is a stone staircase leading down here.
You see here a stone.
There is an open door here.
You see here a whip. "First here, now there."
You swap places with the jelly.
You see here a stone.
There is a stone staircase leading down here.
Xom notices you. Heat runs through your body.
You see here a stone.
You see here 4 fruits.
Xom's power touches on you for a moment.
You are outlined in light.
The jelly jiggles.
The jelly hits you.
You are splashed with acid!
The acid burns!
You die...
Xom chuckles heartily!

##...#..#....#..#.#....### #.#
#......)'....#.##.##.#.# #.#
...#....#....#.....#.#.# #.#
#.#)##'#####.#..#....#.# #.#
..#.##.#...#.#..#....#.#####.#
...#.#.'.>.#.#..#.#..........####
.....#.#...#.#..#......#........#
.#.###.#...#.#................#.#
.#...#'#####....@J....##.####.#.#
..#.#...#.....######..##.####.#.#
..#.....'.%...# ##.##.#....#.#
.##.....#....## #.)#.#.####.#
.#...#'#####.# #..#)#.# #.#
.#..##.#...#.# #...##.# #.#
.#.#...#...#.# #......####.#
...#...'...#.# ###%.(......#
.......#...#.# ##..#######


You could see a jelly.

Vanquished Creatures
  3 leopard geckos (D:1)
  3 bats (D:1)
  6 goblins (D:1)
  4 hobgoblins (D:1)
  4 kobolds (D:1)
  3 rats (D:1)
23 creatures vanquished.

Notes
Turn   | Place    | Note
-------+----------+-------------------------------------------
     0 | D:1      | shinino the Mummy Chaos Knight began the quest for the Orb.
     0 | D:1      | Reached XP level 1. HP: 18/18 MP: 1/1
   187 | D:1      | XOM: butterfly on damage
   189 | D:1      | Reached XP level 2. HP: 6/24 MP: 2/2
   230 | D:1      | XOM: harmless Air miscast
   551 | D:1      | XOM: divination: detect creatures
   870 | D:1      | XOM: harmless Ice miscast
  1092 | D:1      | XOM: divination: detect creatures
  1094 | D:1      | XOM: divination: detect creatures
  1611 | D:1      | XOM: harmless Hex miscast
  2095 | D:1      | XOM: god gift: 44 gold pieces
  2789 | D:1      | XOM: silly message
  2888 | D:1      | Reached XP level 3. HP: 29/29 MP: 3/3
  2954 | D:1      | XOM: summons friendly crimson imp
  2984 | D:1      | XOM: noise
  3008 | D:1      | XOM: noise
  3014 | D:1      | XOM: swap monsters
  3016 | D:1      | XOM: harmless Fire miscast
  3022 | D:1      | XOM: mild Chrm miscast
  3030 | D:1      | Splashed by a jelly's acid

Vault maps used:
D:1:      arrival_zaba_pyramid, hangedman_decor_lopped
D:2:      minmay_misc_feat_columns, uniq_jessica

Skill      XL: |  1  2 |
---------------+-------+-----
Axes           | 3 |  3.4
Fighting       | |  3.0
Armour         | |  1.5
Dodging        | |  0.7

Action                   || total
-------------------------++-------
Melee: Hand axe          ||    85
 Stab: Paralysed         ||     2
Armor: Leather armour    ||    31
Dodge: Dodged            ||    52
